Unix NetHack Version 3.7.0-66 Work-in-progress - last build Nov 25 2022 02:21:47 (a67c8fbd212c6e9cfe3af09653023564b5ba1bad,branch:master).

Game began 2022-12-01 15:29:31, ended 2022-12-01 17:43:45.

Kontroller, lawful male human Knight

  
unexplored area
unexplored area
unexplored area
unexplored area
unexplored area
unexplored area
unexplored area
unexplored area
unexplored area
unexplored area
unexplored area
unexplored area
unexplored area
unexplored area
unexplored area
unexplored area
unexplored area
unexplored area
unexplored area
unexplored area
unexplored area
unexplored area
unexplored area
unexplored area
unexplored area
unexplored area
unexplored area
unexplored area
unexplored area
unexplored area
unexplored area
unexplored area
unexplored area
unexplored area
unexplored area
unexplored area
unexplored area
unexplored area
unexplored area
unexplored area
unexplored area
unexplored area
unexplored area
unexplored area
unexplored area
unexplored area
unexplored area
unexplored area
unexplored area
unexplored area
unexplored area
unexplored area
unexplored area
unexplored area
unexplored area
unexplored area
unexplored area
unexplored area
unexplored area
unexplored area
unexplored area
unexplored area
unexplored area
unexplored area
unexplored area
unexplored area
unexplored area
unexplored area
unexplored area
unexplored area
unexplored area
unexplored area
unexplored area
unexplored area
unexplored area
unexplored area
unexplored area
unexplored area
unexplored area
unexplored area
unexplored area
unexplored area
unexplored area
unexplored area
unexplored area
unexplored area
unexplored area
unexplored area
unexplored area
unexplored area
unexplored area
unexplored area
unexplored area
unexplored area
unexplored area
unexplored area
unexplored area
unexplored area
unexplored area
unexplored area
unexplored area
unexplored area
unexplored area
unexplored area
unexplored area
unexplored area
unexplored area
unexplored area
unexplored area
unexplored area
unexplored area
unexplored area
unexplored area
unexplored area
unexplored area
unexplored area
unexplored area
unexplored area
unexplored area
unexplored area
unexplored area
unexplored area
unexplored area
unexplored area
unexplored area
unexplored area
unexplored area
unexplored area
unexplored area
unexplored area
unexplored area
unexplored area
unexplored area
unexplored area
unexplored area
unexplored area
unexplored area
unexplored area
unexplored area
unexplored area
unexplored area
unexplored area
unexplored area
unexplored area
unexplored area
unexplored area
unexplored area
unexplored area
unexplored area
unexplored area
unexplored area
unexplored area
unexplored area
unexplored area
unexplored area
unexplored area
unexplored area
unexplored area
unexplored area
unexplored area
unexplored area
unexplored area
unexplored area
unexplored area
unexplored area
unexplored area
unexplored area
unexplored area
unexplored area
unexplored area
unexplored area
unexplored area
unexplored area
unexplored area
unexplored area
unexplored area
unexplored area
unexplored area
unexplored area
unexplored area
unexplored area
unexplored area
unexplored area
unexplored area
unexplored area
unexplored area
unexplored area
unexplored area
unexplored area
unexplored area
unexplored area
unexplored area
unexplored area
unexplored area
unexplored area
unexplored area
unexplored area
wall
wall
wall
wall
wall
wall
wall
wall
wall
unexplored area
unexplored area
unexplored area
unexplored area
unexplored area
unexplored area
unexplored area
unexplored area
unexplored area
unexplored area
unexplored area
unexplored area
unexplored area
unexplored area
unexplored area
unexplored area
unexplored area
unexplored area
unexplored area
unexplored area
unexplored area
unexplored area
unexplored area
unexplored area
unexplored area
unexplored area
unexplored area
unexplored area
unexplored area
unexplored area
unexplored area
unexplored area
unexplored area
unexplored area
unexplored area
unexplored area
unexplored area
unexplored area
unexplored area
unexplored area
unexplored area
unexplored area
unexplored area
unexplored area
unexplored area
stone
stone
stone
unexplored area
unexplored area
unexplored area
unexplored area
unexplored area
unexplored area
unexplored area
unexplored area
wall
wall
wall
wall
wall
wall
#iron bars
wall
wall
unexplored area
unexplored area
unexplored area
unexplored area
unexplored area
wall
la statue of a leprechaun
.dark part of a room
.dark part of a room
.dark part of a room
.dark part of a room
.dark part of a room
.dark part of a room
wall
stone
unexplored area
unexplored area
unexplored area
unexplored area
unexplored area
wall
wall
wall
wall
wall
wall
wall
wall
wall
wall
wall
wall
unexplored area
unexplored area
unexplored area
unexplored area
unexplored area
unexplored area
unexplored area
unexplored area
unexplored area
unexplored area
unexplored area
unexplored area
unexplored area
unexplored area
unexplored area
unexplored area
unexplored area
unexplored area
unexplored area
unexplored area
unexplored area
unexplored area
unexplored area
unexplored area
unexplored area
unexplored area
unexplored area
stone
corridor
stone
unexplored area
unexplored area
unexplored area
unexplored area
unexplored area
unexplored area
unexplored area
unexplored area
wall
.dark part of a room
.dark part of a room
.dark part of a room
.dark part of a room
.dark part of a room
.dark part of a room
.dark part of a room
+closed door
unexplored area
unexplored area
unexplored area
unexplored area
unexplored area
wall
.dark part of a room
.dark part of a room
.dark part of a room
.dark part of a room
.dark part of a room
.dark part of a room
.dark part of a room
.doorway
corridor
stone
stone
stone
stone
unexplored area
wall
.dark part of a room
.dark part of a room
.dark part of a room
.dark part of a room
.dark part of a room
.dark part of a room
.dark part of a room
.dark part of a room
)a crossbow bolt
.dark part of a room
wall
stone
stone
unexplored area
unexplored area
unexplored area
unexplored area
unexplored area
unexplored area
unexplored area
unexplored area
unexplored area
unexplored area
unexplored area
unexplored area
unexplored area
unexplored area
wall
wall
wall
wall
wall
wall
wall
wall
wall
wall
wall
wall
.doorway
wall
unexplored area
unexplored area
unexplored area
unexplored area
unexplored area
unexplored area
unexplored area
unexplored area
wall
.dark part of a room
.dark part of a room
.dark part of a room
.dark part of a room
.dark part of a room
.dark part of a room
.dark part of a room
wall
unexplored area
unexplored area
unexplored area
unexplored area
unexplored area
wall
.dark part of a room
.dark part of a room
.dark part of a room
.dark part of a room
.dark part of a room
.dark part of a room
.dark part of a room
wall
corridor
corridor
corridor
corridor
`a boulder
unexplored area
.doorway
.dark part of a room
.dark part of a room
.dark part of a room
.dark part of a room
.dark part of a room
.dark part of a room
.dark part of a room
.dark part of a room
.dark part of a room
)a crossbow bolt
-open door
corridor
stone
unexplored area
unexplored area
unexplored area
unexplored area
unexplored area
unexplored area
unexplored area
unexplored area
unexplored area
unexplored area
unexplored area
unexplored area
unexplored area
unexplored area
wall
.dark part of a room
.dark part of a room
.dark part of a room
.dark part of a room
.dark part of a room
.dark part of a room
.dark part of a room
.dark part of a room
.dark part of a room
.dark part of a room
.dark part of a room
.dark part of a room
wall
unexplored area
unexplored area
unexplored area
stone
stone
stone
stone
stone
wall
.dark part of a room
.dark part of a room
.dark part of a room
.dark part of a room
.dark part of a room
.dark part of a room
.dark part of a room
wall
unexplored area
stone
stone
stone
stone
wall
.dark part of a room
.dark part of a room
.dark part of a room
.dark part of a room
.dark part of a room
.dark part of a room
.dark part of a room
.doorway
corridor
corridor
corridor
stone
stone
stone
wall
.dark part of a room
.dark part of a room
.dark part of a room
.dark part of a room
.dark part of a room
.dark part of a room
{sink
.dark part of a room
.dark part of a room
.dark part of a room
wall
corridor
stone
unexplored area
unexplored area
unexplored area
unexplored area
unexplored area
unexplored area
unexplored area
unexplored area
unexplored area
unexplored area
unexplored area
unexplored area
unexplored area
unexplored area
wall
.dark part of a room
.dark part of a room
.dark part of a room
.dark part of a room
.dark part of a room
.dark part of a room
.dark part of a room
.dark part of a room
.dark part of a room
.dark part of a room
.dark part of a room
.dark part of a room
wall
unexplored area
stone
stone
stone
corridor
corridor
corridor
corridor
.doorway
.dark part of a room
.dark part of a room
.dark part of a room
.dark part of a room
.dark part of a room
.dark part of a room
.dark part of a room
wall
unexplored area
stone
corridor
corridor
corridor
-open door
.dark part of a room
.dark part of a room
.dark part of a room
.dark part of a room
.dark part of a room
.dark part of a room
.dark part of a room
wall
stone
stone
corridor
corridor
corridor
corridor
.doorway
.dark part of a room
.dark part of a room
.dark part of a room
.dark part of a room
.dark part of a room
.dark part of a room
.dark part of a room
.dark part of a room
.dark part of a room
.dark part of a room
wall
corridor
stone
unexplored area
unexplored area
unexplored area
unexplored area
unexplored area
unexplored area
unexplored area
unexplored area
unexplored area
unexplored area
unexplored area
unexplored area
unexplored area
unexplored area
wall
.dark part of a room
.dark part of a room
.dark part of a room
.dark part of a room
.dark part of a room
fountain
.dark part of a room
.dark part of a room
.dark part of a room
.dark part of a room
.dark part of a room
.dark part of a room
wall
stone
stone
corridor
)a scimitar
corridor
stone
stone
stone
wall
.dark part of a room
.dark part of a room
.dark part of a room
.dark part of a room
.dark part of a room
.dark part of a room
.dark part of a room
wall
unexplored area
stone
corridor
stone
stone
wall
wall
wall
.doorway
wall
wall
wall
wall
wall
unexplored area
unexplored area
stone
stone
stone
stone
wall
.dark part of a room
.dark part of a room
.dark part of a room
.dark part of a room
.dark part of a room
.dark part of a room
.dark part of a room
.dark part of a room
)some crossbow bolts
.dark part of a room
wall
corridor
stone
unexplored area
unexplored area
unexplored area
unexplored area
unexplored area
unexplored area
unexplored area
unexplored area
unexplored area
unexplored area
unexplored area
unexplored area
unexplored area
unexplored area
wall
.dark part of a room
.dark part of a room
.dark part of a room
.dark part of a room
.dark part of a room
.dark part of a room
.dark part of a room
.dark part of a room
.dark part of a room
.dark part of a room
.dark part of a room
.dark part of a room
wall
stone
corridor
%an elf corpse
stone
stone
unexplored area
unexplored area
unexplored area
wall
.doorway
wall
wall
wall
.doorway
wall
wall
wall
stone
stone
corridor
stone
stone
stone
stone
stone
corridor
stone
stone
stone
stone
stone
stone
stone
stone
stone
stone
stone
wall
wall
wall
wall
wall
wall
wall
wall
+closed door
wall
wall
wall
corridor
stone
unexplored area
unexplored area
unexplored area
unexplored area
unexplored area
unexplored area
unexplored area
unexplored area
unexplored area
unexplored area
unexplored area
unexplored area
unexplored area
unexplored area
wall
.dark part of a room
.dark part of a room
.dark part of a room
.dark part of a room
.dark part of a room
.dark part of a room
.dark part of a room
.dark part of a room
.dark part of a room
.dark part of a room
.dark part of a room
.dark part of a room
.doorway
corridor
corridor
stone
stone
unexplored area
unexplored area
unexplored area
unexplored area
stone
corridor
corridor
corridor
corridor
corridor
corridor
corridor
corridor
corridor
corridor
corridor
corridor
corridor
corridor
corridor
corridor
corridor
corridor
corridor
corridor
corridor
corridor
corridor
corridor
corridor
corridor
corridor
corridor
corridor
corridor
corridor
corridor
corridor
corridor
corridor
corridor
corridor
stone
stone
stone
corridor
stone
unexplored area
unexplored area
unexplored area
unexplored area
unexplored area
unexplored area
unexplored area
unexplored area
unexplored area
unexplored area
unexplored area
unexplored area
unexplored area
unexplored area
wall
wall
wall
wall
wall
wall
wall
wall
wall
wall
wall
wall
wall
wall
stone
stone
stone
unexplored area
unexplored area
unexplored area
unexplored area
unexplored area
stone
stone
stone
corridor
corridor
stone
stone
corridor
stone
stone
stone
stone
stone
stone
stone
stone
stone
corridor
corridor
stone
stone
stone
stone
stone
stone
stone
stone
stone
stone
stone
stone
stone
stone
stone
stone
stone
stone
corridor
corridor
corridor
corridor
corridor
`a boulder
stone
stone
stone
stone
unexplored area
unexplored area
unexplored area
unexplored area
unexplored area
unexplored area
unexplored area
unexplored area
unexplored area
unexplored area
unexplored area
unexplored area
unexplored area
unexplored area
unexplored area
unexplored area
unexplored area
unexplored area
unexplored area
unexplored area
unexplored area
unexplored area
unexplored area
unexplored area
unexplored area
unexplored area
unexplored area
unexplored area
unexplored area
unexplored area
unexplored area
unexplored area
stone
corridor
corridor
corridor
stone
stone
stone
corridor
stone
unexplored area
unexplored area
unexplored area
unexplored area
unexplored area
unexplored area
unexplored area
unexplored area
stone
corridor
stone
unexplored area
unexplored area
unexplored area
unexplored area
unexplored area
unexplored area
stone
stone
stone
stone
stone
stone
stone
corridor
corridor
corridor
corridor
corridor
stone
stone
corridor
corridor
corridor
corridor
corridor
corridor
stone
unexplored area
unexplored area
unexplored area
unexplored area
unexplored area
unexplored area
unexplored area
unexplored area
unexplored area
unexplored area
unexplored area
unexplored area
unexplored area
unexplored area
unexplored area
unexplored area
unexplored area
unexplored area
unexplored area
unexplored area
unexplored area
unexplored area
unexplored area
unexplored area
unexplored area
unexplored area
unexplored area
unexplored area
unexplored area
unexplored area
unexplored area
unexplored area
wall
|open door
wall
wall
wall
wall
wall
corridor
stone
unexplored area
unexplored area
unexplored area
unexplored area
unexplored area
unexplored area
unexplored area
unexplored area
stone
corridor
stone
unexplored area
unexplored area
unexplored area
unexplored area
unexplored area
stone
stone
corridor
corridor
corridor
lit corridor
@human knight called Kontroller
qrothe
corridor
stone
stone
stone
stone
stone
unexplored area
unexplored area
stone
corridor
wall
wall
.doorway
wall
wall
wall
wall
wall
unexplored area
unexplored area
unexplored area
unexplored area
unexplored area
unexplored area
unexplored area
unexplored area
unexplored area
unexplored area
unexplored area
unexplored area
unexplored area
unexplored area
unexplored area
unexplored area
unexplored area
unexplored area
unexplored area
unexplored area
unexplored area
unexplored area
unexplored area
unexplored area
unexplored area
unexplored area
unexplored area
unexplored area
wall
.dark part of a room
.dark part of a room
.dark part of a room
.dark part of a room
.dark part of a room
wall
corridor
stone
unexplored area
unexplored area
unexplored area
unexplored area
unexplored area
unexplored area
wall
wall
wall
.doorway
wall
unexplored area
unexplored area
unexplored area
unexplored area
unexplored area
stone
corridor
corridor
stone
stone
stone
lit corridor
stone
stone
stone
stone
unexplored area
unexplored area
unexplored area
unexplored area
unexplored area
stone
corridor
wall
<staircase up
.dark part of a room
.dark part of a room
.dark part of a room
.dark part of a room
.dark part of a room
wall
unexplored area
unexplored area
unexplored area
unexplored area
unexplored area
unexplored area
unexplored area
unexplored area
unexplored area
unexplored area
unexplored area
unexplored area
unexplored area
unexplored area
unexplored area
unexplored area
unexplored area
unexplored area
unexplored area
unexplored area
unexplored area
unexplored area
unexplored area
unexplored area
unexplored area
unexplored area
unexplored area
unexplored area
wall
.dark part of a room
.dark part of a room
.dark part of a room
.dark part of a room
.dark part of a room
wall
corridor
stone
unexplored area
unexplored area
unexplored area
unexplored area
unexplored area
unexplored area
wall
.dark part of a room
.dark part of a room
.dark part of a room
wall
stone
stone
unexplored area
unexplored area
unexplored area
wall
.doorway
wall
wall
wall
wall
|open door
wall
stone
corridor
stone
unexplored area
unexplored area
unexplored area
unexplored area
unexplored area
stone
corridor
.doorway
.dark part of a room
.dark part of a room
.dark part of a room
.dark part of a room
.dark part of a room
.dark part of a room
wall
unexplored area
unexplored area
unexplored area
unexplored area
unexplored area
unexplored area
unexplored area
unexplored area
unexplored area
unexplored area
unexplored area
unexplored area
unexplored area
unexplored area
unexplored area
unexplored area
unexplored area
unexplored area
unexplored area
unexplored area
unexplored area
unexplored area
unexplored area
unexplored area
unexplored area
unexplored area
unexplored area
unexplored area
wall
.dark part of a room
.dark part of a room
.dark part of a room
.dark part of a room
.dark part of a room
-open door
corridor
stone
unexplored area
unexplored area
unexplored area
unexplored area
unexplored area
unexplored area
wall
.dark part of a room
.dark part of a room
.dark part of a room
.doorway
corridor
stone
stone
stone
stone
wall
.dark part of a room
.dark part of a room
.dark part of a room
.dark part of a room
.dark part of a room
.floor of a room
-open door
corridor
corridor
stone
unexplored area
unexplored area
unexplored area
unexplored area
unexplored area
stone
stone
wall
.dark part of a room
.dark part of a room
.dark part of a room
.dark part of a room
.dark part of a room
.dark part of a room
wall
unexplored area
unexplored area
unexplored area
unexplored area
unexplored area
unexplored area
unexplored area
unexplored area
unexplored area
unexplored area
unexplored area
unexplored area
unexplored area
unexplored area
unexplored area
unexplored area
unexplored area
unexplored area
unexplored area
unexplored area
unexplored area
unexplored area
unexplored area
unexplored area
unexplored area
unexplored area
unexplored area
unexplored area
wall
wall
wall
wall
wall
wall
wall
stone
stone
unexplored area
unexplored area
unexplored area
unexplored area
unexplored area
unexplored area
wall
.dark part of a room
.dark part of a room
>staircase down
wall
corridor
corridor
corridor
corridor
corridor
wall
.dark part of a room
.dark part of a room
.dark part of a room
.dark part of a room
.dark part of a room
.floor of a room
wall
stone
stone
stone
unexplored area
unexplored area
unexplored area
unexplored area
unexplored area
unexplored area
unexplored area
wall
wall
wall
wall
wall
wall
wall
wall
unexplored area
unexplored area
unexplored area
unexplored area
unexplored area
unexplored area
unexplored area
unexplored area
unexplored area
unexplored area
unexplored area
unexplored area
unexplored area
unexplored area
unexplored area
unexplored area
unexplored area
unexplored area
unexplored area
unexplored area
unexplored area
unexplored area
unexplored area
unexplored area
unexplored area
unexplored area
unexplored area
unexplored area
unexplored area
unexplored area
unexplored area
unexplored area
unexplored area
unexplored area
unexplored area
unexplored area
unexplored area
unexplored area
unexplored area
unexplored area
unexplored area
unexplored area
unexplored area
wall
wall
wall
wall
wall
stone
stone
stone
stone
corridor
.doorway
.dark part of a room
.dark part of a room
.dark part of a room
.dark part of a room
.floor of a room
.floor of a room
wall
unexplored area
unexplored area
unexplored area
unexplored area
unexplored area
unexplored area
unexplored area
unexplored area
unexplored area
unexplored area
unexplored area
unexplored area
unexplored area
unexplored area
unexplored area
unexplored area
unexplored area
unexplored area
unexplored area
unexplored area
unexplored area
unexplored area
unexplored area
unexplored area
unexplored area
unexplored area
unexplored area
unexplored area
unexplored area
unexplored area
unexplored area
unexplored area
unexplored area
unexplored area
unexplored area
unexplored area
unexplored area
unexplored area
unexplored area
unexplored area
unexplored area
unexplored area
unexplored area
unexplored area
unexplored area
unexplored area
unexplored area
unexplored area
unexplored area
unexplored area
unexplored area
unexplored area
unexplored area
unexplored area
unexplored area
unexplored area
unexplored area
unexplored area
unexplored area
unexplored area
unexplored area
unexplored area
unexplored area
unexplored area
unexplored area
unexplored area
unexplored area
unexplored area
unexplored area
stone
stone
wall
wall
wall
wall
wall
wall
wall
wall
unexplored area
unexplored area
unexplored area
unexplored area
unexplored area
unexplored area
unexplored area
unexplored area
unexplored area
unexplored area
unexplored area
unexplored area
unexplored area
unexplored area
unexplored area
unexplored area
unexplored area
unexplored area
unexplored area
unexplored area
unexplored area
unexplored area
unexplored area
unexplored area
unexplored area
unexplored area
unexplored area
unexplored area
unexplored area
unexplored area
unexplored area
unexplored area
unexplored area
unexplored area
unexplored area
unexplored area
unexplored area
unexplored area
unexplored area
unexplored area
unexplored area
unexplored area
unexplored area
unexplored area
unexplored area
unexplored area
unexplored area
unexplored area
unexplored area
unexplored area
unexplored area
unexplored area
unexplored area
unexplored area
unexplored area
unexplored area
unexplored area
unexplored area
unexplored area
unexplored area
unexplored area
unexplored area
unexplored area
unexplored area
unexplored area
unexplored area
unexplored area
unexplored area
unexplored area
unexplored area
unexplored area
unexplored area
unexplored area
unexplored area
unexplored area
unexplored area
unexplored area
unexplored area
unexplored area
unexplored area
unexplored area
unexplored area
unexplored area
unexplored area
unexplored area
unexplored area
unexplored area
unexplored area
unexplored area
unexplored area
unexplored area
unexplored area
unexplored area
unexplored area
unexplored area
unexplored area
unexplored area
unexplored area
unexplored area
unexplored area
[Kontroller the Bachelor ] St:16 Dx:9 Co:11 In:9 Wi:14 Ch:18 Lawful S:2459 Dlvl:6 $:321 HP:0(56) Pw:33(33) AC:-1 Xp:6/457 T:3280 Stressed

Latest messages:

In what direction? l
You kill the soldier ant!
You kill it!
The bolt of cold hits you!
The soldier ant bites!
The soldier ant stings!
The soldier ant misses!
The soldier ant misses!
The soldier ant bites!
The soldier ant stings!
What do you want to zap? [D or ?*] D
In what direction? l
You kill the soldier ant!
You stop searching.
You begin bashing monsters with your lance.
You miss the rothe.
The rothe misses!
The rothe misses!
The rothe bites!
The rothe hits!
The rothe bites!
The rothe bites!
You miss the rothe.
The rothe misses!
The rothe misses!
The rothe bites!
You miss the rothe.
The rothe hits!
The rothe bites!
The rothe misses!
The rothe hits!
The rothe bites!
The rothe bites!
You miss the rothe.
The rothe hits!
The rothe bites!
The rothe misses!
The rothe misses!
The rothe bites!
The rothe bites!
You don't have enough stamina to move.
The rothe misses!
The rothe bites!
The rothe bites!
The rothe hits!
The rothe bites!
The rothe bites!
You die...
Do you want your possessions identified? [ynq] (y) y
Do you want to see your attributes? [ynq] (y) q

Inventory:

Coins

$ - 321 gold pieces

Weapons

a - a +1 long sword (alternate weapon; not wielded)
b - a very rusty +1 lance (weapon in hand)

Armor

d - an uncursed +0 helmet (being worn)
c - an uncursed +1 orcish helm
f - an uncursed +0 pair of leather gloves (being worn)
x - an uncursed +0 pair of water walking boots (being worn)
e - an uncursed +0 small shield (being worn)
w - an uncursed rotted +0 oilskin cloak (being worn)
v - an uncursed +1 bronze plate mail (being worn)

Comestibles

h - 8 uncursed carrots
j - an uncursed food ration
B - an uncursed tripe ration

Scrolls

m - an uncursed scroll of charging
q - an uncursed scroll of light
F - an uncursed scroll of magic mapping
k - a cursed scroll of stinking cloud

Potions

z - an uncursed potion of blindness
n - an uncursed potion of booze
s - an uncursed potion of enlightenment
o - 2 uncursed potions of restore ability
J - an uncursed potion of speed

Rings

u - an uncursed ring of fire resistance

Wands

D - a wand of cold (0:2)

Tools

l - an uncursed lock pick
y - an uncursed lock pick
i - an uncursed magic whistle
p - an uncursed stethoscope
G - a tinning kit (0:75)

Gems/Stones

r - an uncursed obsidian stone
A - an uncursed worthless piece of red glass

Kontroller the Knight's attributes:


Background:

You were a Bachelor, a level 6 male human Knight.
You were lawful, nominally on a mission for Lugh
who was opposed by Brigit (neutral) and Manannan Mac Lir (chaotic).
You were in the Dungeons of Doom, on level 6.
You entered the dungeon 3280 turns ago.
You had 457 experience points, 183 more were needed to attain level 7.
Your score was 2459 before end-of-game adjustments.

Basics:

You had 0 out of 56 hit points.
You had all 33 energy points (spell power).
Your armor class was -1.
Your wallet contained 321 zorkmids.
Autopickup was off.

Final Characteristics:

Your strength was 16 (limit:18/100).
Your dexterity was 9 (limit:18).
Your constitution was 11 (limit:18).
Your intelligence was 9 (limit:18).
Your wisdom was 14 (limit:18).
Your charisma was 18 (limit:18).

Final Status:

You were not hungry.
You were stressed; movement was moderately slowed.
You were wielding a lance.
You had basic skill with lance.

Final Attributes:

You were piously aligned.
You were poison resistant.
You were telepathic.
You could jump.
You could walk on water.
You were guarded.
You are dead.

Miscellaneous:
You never encountered a bones level.
Total elapsed playing time was 20 minutes and 34 seconds.

Major events:

Turn

1: Kontroller the lawful male human Knight entered the dungeon
1072: attained the rank of Esquire (level 3)
2765: attained the rank of Bachelor (level 6)
3280: killed by a rothe

Vanquished creatures:

4 brown puddings
a jaguar
3 soldier ants
a rock piercer
a rock mole
a pony
a fog cloud
a violet fungus
a kobold mummy
an elf zombie
3 giant ants
a little dog
2 floating eyes
a homunculus
4 iguanas
2 acid blobs
2 coyotes
a gas spore
a large kobold
2 hobgoblins
a cave spider
a gecko
3 jackals
2 foxes
a kobold
a goblin
3 sewer rats
4 grid bugs
6 lichens
4 newts
60 creatures vanquished.
No species were genocided or became extinct.

Voluntary challenges:

You were an atheist.
You read items or engraved 2 times.
You never engraved Elbereth.
You never genocided any monsters.
You never polymorphed an object.
You never changed form.
You used no wishes.

Achievements:

You attained the rank of Esquire.
You entered a shop.
You attained the rank of Bachelor.

The Dungeons of Doom: levels 1 to 7

   Level 1:
A fountain.
Level 2:
Many fountains.
Level 3:
A fountain, a sink.
Level 4:
Level 5:
A general store, a fountain.
Level 6: <- You were here.
A fountain, a sink.
Final resting place for
you, killed by a rothe.
Level 7:

Game over:

----------
/ \
/ REST \
/ IN \
/ PEACE \
/ \
| Kontroller |
| 321 Au |
| killed by a |
| rothe |
| |
| |
| 2022 |
*| * * * | *
_________)/\\_//(\/(/\)/\//\/|_)_______

Fare thee well Kontroller the Knight...


You died in The Dungeons of Doom on dungeon level 6 with 2427 points,
and 321 pieces of gold, after 3280 moves.
You were level 6 with a maximum of 56 hit points when you died.